 Dungeon Crawl Stone Soup version 0.30-a0-1016-gfb0d676c02 (webtiles) character file.

Game seed: 9510482961555471050

781 GigaChad the Chopper (level 8, -8/61 HPs)
             Began as a Formicid Fighter on Apr 6, 2023.
             Was an Initiate of Gozag.
             Mangled by a manticore (12 damage)
             ... on level 6 of the Dungeon.
             The game lasted 00:05:32 (4410 turns).

GigaChad the Chopper (Formicid Fighter)             Turns: 4410, Time: 00:05:33

Health: -8/61      AC: 14    Str: 23    XL:     8   Next: 11%
Magic:  8/8        EV:  8    Int:  8    God:    Gozag
Gold:   263        SH:  5    Dex: 13    Spells: 7/7 levels left

rFire   . . .      SeeInvis +    a - +2 war axe (heavy)
rCold   . . .      Faith    .    c - +0 buckler
rNeg    . . .      Spirit   .    m - +1 chain mail
rPois   +          Reflect  .    (helmet unavailable)
rElec   .          Rampage  .    p - +2 cloak {rPois}
rCorr   .                        (no gloves)
Will    .....                    (no boots) Stlth
                                 (no amulet)
HPRegen 0.30/turn                (no ring)
MPRegen 0.11/turn                (no ring)

@: spiked
A: permanent stasis, dig shafts and tunnels, antennae 3, four strong arms
a: Dig, Shaft Self, Renounce Religion, Potion Petition, Call Merchant, Bribe
Branch


You were on level 6 of the Dungeon.
You worshipped Gozag.
Gozag was aware of your devotion.
You visited 1 branch of the dungeon, and saw 6 of its levels.

You collected 363 gold pieces.
You paid 100 gold pieces to Gozag.

Inventory:

Hand Weapons
 a - a +2 heavy war axe (weapon)
 i - a +4 quarterstaff of chaos
 q - the +4 dagger of Cieghog {drain, rElec rCorr Str-4 Int+6}
   (You found it on level 5 of the Dungeon)

   Str:       It affects your strength (-4).
   Int:       It affects your intelligence (+6).
   rElec:     It insulates you from electricity.
   rCorr:     It protects you from acid and corrosion.
Armour
 b - a +0 scale mail
 c - a +0 buckler (worn)
 m - a +1 chain mail (worn)
 o - a +0 cloak
 p - a +2 cloak of poison resistance (worn)
Wands
 h - a wand of digging (7)
Scrolls
 e - 4 scrolls of identify
 f - 2 scrolls of fog
Potions
 d - 3 potions of might
 g - 3 potions of degeneration
 j - a potion of brilliance {unknown}
 k - 3 potions of curing {unknown}
 l - 2 potions of mutation {unknown}
 n - 2 potions of flight {unknown}


   Skills:
 + Level 4.7 Fighting
 + Level 6.1 Axes
 + Level 5.4 Armour
 + Level 1.4 Dodging
 + Level 0.3 Stealth
 + Level 5.3 Shields


You had 7 spell levels left.
You didn't know any spells.
Your spell library contained the following spells:

 Spells                   Type           Power      Damage    Failure   Level
 Freeze                   Ice            0%         1d3       96%         1
 Sandblast                Erth           0%         2d4       96%         1
 Lesser Beckoning         Tloc           0%         N/A       99%         2
 Momentum Strike          Conj/Tloc      0%         3d8       99%         2
 Passwall                 Tmut/Erth      0%         N/A       99%         2
 Frozen Ramparts          Ice            0%         1d1       100%        3
 Hailstorm                Conj/Ice       0%         3d3       100%        3
 Ignite Poison            Fire/Tmut/Pois 0%         N/A       100%        3
 Portal Projectile        Hex/Tloc       0%         N/A       100%        3
 Stone Arrow              Conj/Erth      0%         3d7       100%        3
 Summon Guardian Golem    Hex/Summ       0%         N/A       100%        3
 Tukima's Dance           Hex            0%         N/A       100%        3
 Sticky Flame             Conj/Fire      0%         2d3       100%        4
 Blade Hands              Tmut           0%         N/A       100%        5
 Orb of Destruction       Conj           0%         9d5       100%        7
 Spellforged Servitor     Conj/Summ      0%         N/A       100%        7
 Ignition                 Fire           0%         3d3       100%        8
 Blink                    Tloc           Unusable   N/A       N/A         2

Dungeon Overview and Level Annotations

Branches:
Dungeon (6/15)             Temple (0/1) D:4

Altars:
Ashenzari
Fedhas
Gozag
Hepliaklqana
Ru
Zin

Shops:
D:4 =   D:5 *   D:6 [


Innate Abilities, Weirdness & Mutations

You cannot be hasted, slowed, berserked, paralysed or teleported.
You can dig through walls and to a lower floor.
You have a pair of large antennae on your head. (SInv)
Your four strong arms can wield two-handed weapons with a shield.


Message History

Found Fupror's Armour Boutique.
You now have 263 gold pieces (gained 8).
A manticore comes into view.
Found a scale mail.
A manticore is nearby!
A manticore is nearby!
A manticore is nearby!
The manticore flicks its tail.
The volley of spikes hits you!
The barbed spikes become lodged in your body.
The barbs in your skin will harm you if you move.
Continue? [Y]es or [N]o only, please.
The barbs in your skin will harm you if you move.
Continue?
The barbed spikes dig painfully into your body as you move.
The manticore flicks its tail.
The volley of spikes hits you!
The barbed spikes become lodged in your body.
The barbed spikes dig painfully into your body as you move.
The barbed spikes dig painfully into your body as you move.
You block the manticore's attack. The manticore claws you.
The manticore claws you!
You are too injured to fight recklessly!
You are too injured to fight recklessly!
The barbed spikes dig painfully into your body as you move.
* * * LOW HITPOINT WARNING * * *
You block the manticore's attack. x2
The manticore claws you but does no damage.
You slice the manticore!!
The manticore is heavily wounded.
The manticore bites you!
* * * LOW HITPOINT WARNING * * *
The manticore claws you but does no damage. x2
You block the manticore's attack. The manticore claws you.
* * * LOW HITPOINT WARNING * * *
The manticore claws you but does no damage.
You slice the manticore!!
The manticore is almost dead.
The manticore bites you!
You die...
Your body crumbles into a pile of gold.

...............
#...........#
.#........<..# .
.............###.#
.............$.. ##
#.....!...# . ...
##.......### ... ...
#.........##.....
.##.##........@H..#
#......##...........#
#..
$#..........###.....
.... #....#.##.##
.....
.....###..####∩# ....
.....#......##.## ...
................. ...
.......))).......$
#......)<)......>


You could see a manticore.

Vanquished Creatures
  Edmund (D:4)
  An ice beast (D:5)
  A black bear (D:4)
  3 scorpions (D:5)
  A hound (D:6)
  A jelly (D:4)
  Crazy Yiuf (D:5)
  Jessica (D:3)
  An iguana (D:4)
  An orc wizard (D:6)
  A gnoll (D:1)
  5 adders
  2 ufetubi (D:4)
  3 worms
  7 orcs
  9 ball pythons
  7 bats
  5 endoplasms
  2 giant cockroaches (D:1)
  6 goblins
  13 hobgoblins
  2 jackals (D:2)
  4 frilled lizards
  7 kobolds
  A rat (D:1)
86 creatures vanquished.

Notes
Turn   | Place    | Note
-------+----------+-------------------------------------------
     0 | D:1      | GigaChad the Formicid Fighter began the quest for the Orb.
     0 | D:1      | Reached XP level 1. HP: 18/18 MP: 1/1
   172 | D:1      | Reached XP level 2. HP: 23/24 MP: 2/2
   397 | D:1      | Reached XP level 3. HP: 26/29 MP: 3/3
   863 | D:2      | Reached skill level 3 in Axes
   863 | D:2      | Reached XP level 4. HP: 37/37 MP: 4/4
  1033 | D:2      | You fall into a shaft and drop 2 floors!
  1109 | D:4      | Noticed Edmund
  1114 | D:4      | Killed Edmund
  1115 | D:4      | Reached skill level 4 in Axes
  1115 | D:4      | Reached skill level 1 in Dodging
  1115 | D:4      | Reached XP level 5. HP: 21/42 MP: 5/5
  1115 | D:4      | Reached XP level 6. HP: 24/48 MP: 6/6
  1268 | D:4      | Found a staircase to the Ecumenical Temple.
  1298 | D:4      | Found Luoho's Jewellery Shop.
  1415 | D:4      | Found a broken altar of Ashenzari.
  1533 | D:4      | Found a glowing silver altar of Zin.
  1533 | D:4      | Found a blossoming altar of Fedhas.
  1751 | D:3      | Noticed Jessica
  1755 | D:3      | Killed Jessica
  2373 | D:4      | Noticed a black bear
  2376 | D:4      | Killed a black bear
  2377 | D:4      | Reached skill level 5 in Shields
  2377 | D:4      | Reached XP level 7. HP: 51/55 MP: 7/7
  2928 | D:5      | Entered Level 5 of the Dungeon
  2993 | D:5      | Found an opulent altar of Gozag.
  3005 | D:5      | Became a worshipper of Gozag Ym Sagoz the Greedy
  3100 | D:5      | Reached skill level 5 in Axes
  3192 | D:5      | Reached skill level 5 in Armour
  3522 | D:5      | Found Iggedd's General Store.
  3891 | D:5      | Found a sacrificial altar of Ru.
  3949 | D:5      | Found a runed translucent door.
  3950 | D:5      | Noticed Crazy Yiuf
  4103 | D:5      | Identified the +4 dagger of Cieghog {drain, rElec rCorr
                  | Str-4 Int+6}
  4182 | D:5      | Found a hazy altar of Hepliaklqana.
  4280 | D:5      | Killed Crazy Yiuf
  4281 | D:5      | Reached XP level 8. HP: 61/61 MP: 8/8
  4381 | D:6      | Reached skill level 6 in Axes
  4400 | D:6      | Found Fupror's Armour Boutique.
  4403 | D:6      | Noticed a manticore
  4409 | D:6      | HP: 3/61 [manticore (2)]
  4410 | D:6      | Mangled by a manticore

Illustrated notes

Levels and vault maps discovered:
D:1:      psy_arrival_statuary, layout_loops_ring
D:2:      layout_basic, hellmonk_ecumenical_altar_dog_temple, kennysheep_donut
D:3:      layout_rooms, minmay_goblin_kobold_house, uniq_jessica
D:4:      layout_loops_corners, mainiacjoe_overflow_concentric_impassable,
          gammafunk_temple_overflow_wave, minmay_temple_entry_poolview,
          portal_sewer_entry_d, serial_shops, nicolae_shop_advertising_works
          [nicolae_subvault_shop_adworks], uniq_edmund
D:5:      cheibrodos_helix_gallery, layout_basic,
          nicolae_gozag_cash_rules_everything_around_me, hangedman_ru_absence,
          kennysheep_little_box, serial_shops, shop, uniq_crazy_yiuf_cottage
D:6:      layout_cave_pools, mainiacjoe_overflow_alcove_2, serial_shops, shop,
          minmay_misc_feat_nine_boxes, chequers_serial_rivers_large_a

Skill      XL: |  1  2  3  4  5  6  7  8 |
---------------+-------------------------+-----
Axes           | 3 4 5 6 |  6.1
Armour         | 4 5 |  5.4
Dodging        | 1 |  1.4
Fighting       | 4 |  4.7
Shields        | 5 |  5.3
Stealth        | |  0.3

Action                     |  1- 3 |  4- 6 |  7- 9 || total
---------------------------+-------+-------+-------++-------
  Melee: War axe           |    91 |    97 |    42 ||   230
    Use: Scroll            |     4 |     5 |     2 ||    11
 Armour: Scale mail        |    54 |    27 |       ||    81
         Chain mail        |       |    33 |    37 ||    70
  Dodge: Dodged            |    45 |    63 |    19 ||   127
  Block: Buckler           |    21 |    33 |    17 ||    71

Table legend: (Time is in decaauts)
 A = Elapsed time spent in this place.
 B = Non-inter-level travel time spent in this place.
 C = Inter-level travel time spent in this place.
 D = Time resting spent in this place.
 E = Time spent auto-exploring this place.
 F = Levels seen in this place.
 G = Mean time per level.
                   A        B        C        D        E       F      G
               +--------+--------+--------+--------+--------+-----+--------+
         Total |   4589 |   4389 |    200 |      0 |   3520 |   6 |  764.8 |
       Dungeon |   4589 |   4389 |    200 |      0 |   3520 |   6 |  764.8 |
               +--------+--------+--------+--------+--------+-----+--------+

Top non-repeatable levels by time:
     D:5: 1468 daAuts
     D:4: 1289 daAuts
     D:1: 778 daAuts
     D:3: 696 daAuts
     D:2: 313 daAuts
     D:6: 42 daAuts
